 Dungeon Crawl Stone Soup version 0.27-a0-1456-gf5a116941d (webtiles) character file.

Game seed: 9763725218168326960

850 benadryl the Ruffian (level 7, 0/67 HPs)
             Began as a Troll Hunter on July 6, 2021.
             Slain by a lemure (3 damage)
             ... led by Pikel
             ... on level 5 of the Dungeon.
             The game lasted 00:09:06 (4278 turns).

benadryl the Ruffian (Troll Hunter)                 Turns: 4278, Time: 00:09:06

Health: 0/67       AC: 10    Str: 23    XL:     7   Next: 69%
Magic:  6/6        EV: 10    Int:  7    God:
Gold:   217        SH:  0    Dex: 10    Spells: 6/6 levels left

rFire    . . .     SeeInvis .     - Unarmed
rCold    . . .     Faith    .   (no shield)
rNeg     . . .     Spirit   .   b - +0 robe
rPois    .         Reflect  .   (helmet restricted)
rElec    .         Harm     .   m - +1 cloak
rCorr    .         Rampage  .   (gloves unavailable)
Will     .....                  (boots unavailable)
Stlth    +.........             (no amulet)
HPRegen  1.21/turn              o - +4 ring of protection
MPRegen  0.10/turn              (no ring)

@: no status effects
A: large, unfitting armour, claws 3, regeneration 1, shaggy fur 1, tough skin 1
a: no special abilities


You were on level 5 of the Dungeon.
You visited 1 branch of the dungeon, and saw 5 of its levels.
You also visited: Ossuary.

You collected 217 gold pieces.

Inventory:

Hand Weapons
 a - a +0 giant spiked club
Missiles
 c - 11 large rocks (quivered)
Armour
 b - a +0 robe (worn)
 m - a +1 cloak (worn)
Jewellery
 o - a +4 ring of protection (left claw)
Wands
 k - a wand of paralysis (5)
 l - a wand of charming (7)
Scrolls
 f - a scroll of noise
 n - 5 scrolls of teleportation
 w - a scroll of enchant armour
Potions
 e - 2 potions of ambrosia
 g - 2 potions of haste
 h - 4 potions of curing {@q1}
 i - a potion of magic {unknown}
 j - a potion of invisibility
 p - a potion of brilliance {unknown}
 q - a potion of heal wounds {unknown}
 r - 2 potions of attraction
 s - 3 potions of might
 v - a potion of cancellation {unknown}
 x - a potion of resistance


   Skills:
 + Level 3.4 Fighting
 + Level 5.1 Throwing
 + Level 3.5 Dodging
 - Level 0.3 Stealth
 * Level 5.2 Unarmed Combat


You had 6 spell levels left.
You didn't know any spells.
Your spell library contained the following spells:

 Spells                   Type           Power      Damage    Failure   Level
 Sting                    Tmut/Pois      0%         1d3       43%         1
 Poisonous Vapours        Pois/Air       0%         N/A       56%         2
 Sublimation of Blood     Necr           0%         N/A       56%         2
 Cause Fear               Hex            0%         N/A       99%         4
 Olgreb's Toxic Radiance  Pois           0%         N/A       99%         4
 Petrify                  Tmut/Erth      0%         N/A       99%         4
 Irradiate                Conj/Tmut      0%         3d13      100%        5
 Dragon Form              Tmut           0%         N/A       100%        7
 Dragon's Call            Summ           0%         N/A       100%        9


Dungeon Overview and Level Annotations

Branches:
Dungeon (5/15)            Ossuary (visited)
 Temple: D:4-7

Altars:
Xom

Shops:
D:1 *

Annotations:
D:3 2 runed translucent doors
D:5 Pikel


Innate Abilities, Weirdness & Mutations

You are too large for most types of armour.
You have claws for hands.
Your natural rate of healing is unusually fast.
You are covered in fur. (AC +1)
You have tough skin. (AC +1)


Message History

Pikel is almost dead.
Pikel struggles against the net.
The net rips apart, and Pikel comes free!
The lemure hits you.
You closely miss Pikel.
Pikel is almost dead.
Pikel hits you but does no damage.
You are electrocuted!!
* * * LOW HITPOINT WARNING * * *
You scratch Pikel but do no damage. Your claw misses Pikel.
Pikel is almost dead.
The lemure hits you.
* * * LOW HITPOINT WARNING * * *
Pikel hits you but does no damage.
You closely miss Pikel.
Pikel is almost dead.
The lemure hits you but does no damage. Pikel hits you but does no damage.
You are electrocuted!
* * * LOW HITPOINT WARNING * * *
Throw: 2 throwing nets
Press: ? - help, Q - select action, (/) - cycle Shift-Dir - straight line, f/p - Pikel
Aim: Pikel, wielding a +1 whip of electrocution, wearing a +0 robe and carrying a wand of iceblast (9) (almost dead, 51% to hit)
Okay, then.
Throw: 2 throwing nets
Press: ? - help, Q - select action, (/) - cycle Shift-Dir - straight line, f/p - Pikel
Aim: Pikel, wielding a +1 whip of electrocution, wearing a +0 robe and carrying a wand of iceblast (9) (almost dead, 51% to hit)
You throw a throwing net. The throwing net barely misses Pikel.
The lemure hits you but does no damage. Pikel hits you but does no damage.
Throw: throwing net
Press: ? - help, Q - select action, (/) - cycle Shift-Dir - straight line, f/p - Pikel
Aim: Pikel, wielding a +1 whip of electrocution, wearing a +0 robe and carrying a wand of iceblast (9) (almost dead, 51% to hit)
You throw a throwing net. The throwing net hits Pikel.
Pikel is caught in the net!
Pikel is almost dead.
The lemure hits you.
* * * LOW HITPOINT WARNING * * *
Pikel struggles against the net.
You scratch Pikel but do no damage.
Pikel is almost dead.
The lemure hits you.
You die...

## . .# ######## .#####.#
.5.o#.. .......# #5#.#.#
########### #{#.#.# .
..........## #5#...# ..
.########..####K#######...
.# #......5@......... .#
#....####.....#.. .#
#.#...###..#.##.# .#
#.#..........>..# .#
.####......(..#$.. ## .>
#.........# # #######..
#..........# .........
#.#.......## #######.
#.#######.#


You could see Pikel (caught), 4 lemures and an orc.

Vanquished Creatures
  2 ogres (D:4)
  A water moccasin skeleton (D:4)
  A centaur zombie (D:5)
  A human zombie (Ossuary)
  An orc priest (D:4)
  Crazy Yiuf (D:3)
  A bullfrog skeleton (D:4)
  A jelly (D:4)
  A centaur skeleton (D:5)
  Terence (D:3)
  Ijyb (D:3)
  3 iguanas (D:4)
  3 orc wizards
  A hound skeleton (D:5)
  3 mummies (Ossuary)
  An adder (D:4)
  3 gnolls
  An ufetubus (D:4)
  An adder skeleton (D:4)
  2 adder zombies (Ossuary)
  A worm (D:3)
  A dart slug (D:3)
  14 orcs
  3 bats (D:1)
  7 endoplasms
  5 giant cockroaches
  6 goblins
  3 hobgoblins
  17 jackals
  7 kobolds
  2 quokkas
  5 ball pythons
  2 frilled lizards (D:2)
  2 gnoll zombies (Ossuary)
  3 goblin zombies (Ossuary)
  3 hobgoblin zombies (Ossuary)
  An orc zombie (Ossuary)
  3 quokka zombies (Ossuary)
  2 rats (D:1)
  3 rat zombies (Ossuary)
120 creatures vanquished.

Notes
Turn   | Place    | Note
-------+----------+-------------------------------------------
     0 | D:1      | benadryl the Troll Hunter began the quest for the Orb.
     0 | D:1      | Reached XP level 1. HP: 19/19 MP: 0/0
   177 | D:1      | Reached XP level 2. HP: 28/28 MP: 1/1
   183 | D:1      | Reached skill level 1 in Unarmed Combat
   404 | D:1      | Found Hemoolil's Assorted Antiques.
   735 | D:1      | Reached XP level 3. HP: 35/35 MP: 2/2
  1526 | D:2      | Reached XP level 4. HP: 36/42 MP: 3/3
  1580 | D:3      | Noticed Terence
  1588 | D:3      | Killed Terence
  1779 | D:3      | Noticed Ijyb
  1780 | D:3      | Paralysed by Ijyb for 6 turns
  1799 | D:3      | Killed Ijyb
  1800 | D:3      | Reached XP level 5. HP: 47/49 MP: 4/4
  1800 | D:3      | Found a large runed translucent door.
  1803 | D:3      | Found a large runed translucent door.
  1893 | D:3      | Found a shimmering altar of Xom.
  1910 | D:3      | Found a faded altar of an unknown god.
  1976 | D:3      | Found a runed translucent door.
  1977 | D:3      | Noticed Crazy Yiuf
  1984 | D:3      | Killed Crazy Yiuf
  2685 | D:4      | Reached XP level 6. HP: 58/59 MP: 5/5
  3269 | D:4      | Reached XP level 7. HP: 52/67 MP: 6/6
  3893 | D:5      | Entered Level 5 of the Dungeon
  3922 | D:5      | Reached skill level 5 in Throwing
  3946 | D:5      | Reached skill level 5 in Unarmed Combat
  4016 | D:5      | Found a sand-covered staircase.
  4028 | Ossuary  | Entered an ossuary
  4256 | D:5      | Noticed Pikel
  4277 | D:5      | HP: 2/67 [lemure[Pikel] (4)]
  4278 | D:5      | Slain by a lemure

Illustrated notes

Levels and vault maps discovered:
D:1:      evilmike_arrival_plus, layout_basic, serial_shops,
          nicolae_shop_temple_entry_statues_fountains
D:2:      layout_basic
D:3:      layout_loops_corners, lemuel_doored_altar, jmf_multi_god_temple2,
          hellmonk_ecumenical_altar_arch_garden, uniq_crazy_yiuf_cottage,
          uniq_ijyb, uniq_terence
D:4:      layout_loops_corners
D:5:      layout_cave_pools, old_standard_altar, chequers_ossuary_entry_cave,
          serial_co_window_serial, co_window_of_opportunity_a,
          co_window_cross_1, co_window_corner_a, co_window_paths_a,
          co_window_paths_a, co_window_of_opportunity_a,
          co_window_of_opportunity_a, co_window_2corner,
          co_window_unsneaky_path_e, co_window_corner_b, co_window_sun,
          co_window_4corner_b, glass_columns_c, glass_columns_a,
          glass_columns_c, glass_columns_a, uniq_pikel

Skill      XL: |  1  2  3  4  5  6  7 |
---------------+----------------------+-----
Unarmed Combat | 1 2 3 4 5 |  5.2
Dodging        | 2 3 |  3.5
Fighting       | 2 3 |  3.4
Throwing       | 4 5 |  5.1
Stealth        | |  0.3

Action                   |  1- 3 |  4- 6 |  7- 9 || total
-------------------------+-------+-------+-------++-------
Melee: Short sword       |    62 |       |       ||    62
       Unarmed           |    67 |   151 |   108 ||   326
       Punch             |     1 |     1 |     3 ||     5
Throw: Large rock        |       |     3 |       ||     3
       Throwing net      |       |       |     3 ||     3
  Use: Scroll            |     4 |     2 |     8 ||    14
 Stab: Sleeping          |     2 |     2 |       ||     4
       Held in net/web   |       |       |     1 ||     1
Armor: Robe              |    66 |    53 |    42 ||   161
Dodge: Dodged            |    68 |    52 |    55 ||   175

Table legend: (Time is in decaauts)
 A = Elapsed time spent in this place.
 B = Non-inter-level travel time spent in this place.
 C = Inter-level travel time spent in this place.
 D = Time resting spent in this place.
 E = Time spent auto-exploring this place.
 F = Levels seen in this place.
 G = Mean time per level.
                   A        B        C        D        E       F      G
               +--------+--------+--------+--------+--------+-----+--------+
         Total |   4267 |   4154 |    113 |    674 |   2651 |   6 |  711.2 |
       Dungeon |   4095 |   3982 |    113 |    674 |   2577 |   5 |  819.0 |
       Ossuary |    172 |    172 |      0 |      0 |     74 |   1 |  172.0 |
               +--------+--------+--------+--------+--------+-----+--------+

Top non-repeatable levels by time:
     D:4: 1376 daAuts
     D:3: 1026 daAuts
     D:1: 945 daAuts
     D:2: 545 daAuts
     D:5: 202 daAuts
 Ossuary: 172 daAuts
